 Dungeon Crawl Stone Soup version 0.31-a0-187-gba352fbbf7 (webtiles) character file.

Game seed: 12030228718568857536

3646 qw the Markself (level 9, 0/52 HPs)
             Began as a Deep Elf Hunter on June 22, 2023.
             Was a Believer of Okawaru.
             Slain by a vampire mosquito (6 damage)
             ... on level 8 of the Dungeon.
             The game lasted 00:02:58 (7129 turns).

qw the Markself (Deep Elf Hunter)                   Turns: 7129, Time: 00:02:58

Health: 0/52       AC: 17    Str: 11    XL:     9   Next: 88%
Magic:  14/14      EV: 15    Int: 14    God:    Okawaru [**....]
Gold:   40         SH:  5    Dex: 22    Spells: 8/8 levels left

rFire   . . .        Y - +0 orcbow (heavy)
rCold   + . .        (shield currently unavailable)
rNeg    . . .        w - +0 scale mail {rC+}
rPois   +            (no helmet)
rElec   .            m - +0 cloak
rCorr   .            q - +0 pair of gloves
SInv    .            t - +2 pair of boots
Will    .....        r - amulet of reflection
Stlth   ++           i - ring of poison resistance
HPRegen 0.28/turn    j - +4 ring of protection
MPRegen 0.14/turn

%: reflection
@: about to teleport, heroic
A: agile 1, sense surroundings 1, evolution 1
a: Renounce Religion, Heroism


You were on level 8 of the Dungeon.
You worshipped Okawaru.
Okawaru was pleased with you.
You visited 2 branches of the dungeon, and saw 10 of its levels.
You also visited: Ossuary.

You collected 438 gold pieces.
You spent 398 gold pieces at shops.


Innate Abilities, Weirdness & Mutations

You are agile. (Dex +4, Str/Int -1)
You passively map a small area around you.
You have hidden genetic potential.


   Skills:
 - Level 4.0(9.0) Fighting
 + Level 15.6(20.6) Ranged Weapons
 - Level 2.1(7.1) Armour
 - Level 6.1(11.1) Dodging
 - Level 1.2(6.2) Stealth
 - Level 4.0 Invocations


You had 8 spell levels left.
You didn't know any spells.
Your spell library was empty.

Inventory:

Hand Weapons
 d - the +6 arbalest of Gubbig {freeze, Fragile rPois Str+6}
   (You acquired it on level 1 of the Dungeon)

   Str:       It affects your strength (+6).
   rPois:     It protects you from poison.
   Fragile:   It will be destroyed if unequipped.
 Y - a +0 heavy orcbow (weapon)
Armour
 b - a +0 ring mail
 m - a +0 cloak (worn)
 q - a +0 pair of gloves (worn)
 t - a +2 pair of boots (worn)
 w - a +0 scale mail of cold resistance (worn)
Jewellery
 i - a ring of poison resistance (left hand)
 j - a +4 ring of protection (right hand)
 n - a ring of fire
 p - a ring of willpower
 r - an amulet of reflection (around neck)
Wands
 u - a wand of digging (5)
Scrolls
 a - 7 scrolls of teleportation
 s - a scroll of identify
Potions
 c - a potion of cancellation
 e - a potion of magic
 g - a potion of heal wounds
 h - a potion of enlightenment {unknown}
 k - 3 potions of might
 l - 5 potions of curing
 o - a potion of ambrosia {unknown}
 v - a potion of mutation

Dungeon Overview and Level Annotations

Branches:
Dungeon (9/15)             Temple (1/1) D:4         Ossuary (visited)
   Lair: D:8-11         Orc: D:9-12

Altars:
Cheibriados
Elyvilon
Fedhas
Gozag
Hepliaklqana
Kikubaaqudgha
Makhleb
Nemelex Xobeh
Okawaru
Qazlal
Ru
Sif Muna
Trog
Uskayaw
Vehumet
Wu Jian
Xom
Yredelemnul
Zin
The Shining One

Shops:
D:3 (   D:5 [   D:8 [((=:*

Annotations:
D:3 2 runed translucent doors, qw's ghost, weakling GrFi


Message History

The vampire mosquito bites you.
The vampire mosquito draws strength from your injuries!
The bullfrog barely misses you. The orc completely misses you.
The orc priest hits you but does no damage.
The orc hits you with a +0 falchion. The orc warrior misses you.
The orc closely misses you.
The vampire mosquito bites you but does no damage.
The vampire mosquito barely misses you.
The vampire mosquito bites you but does no damage.
The bullfrog completely misses you.
7127 ||| STAIRDANCE Magic restored.
You block the vampire mosquito's attack. x2
The vampire mosquito closely misses you.
You block the orc's attack.
The orc priest mumbles some strange prayers to Beogh against you.
Pain shoots through your body! The orc closely misses you. x2
The orc warrior barely misses you. The bullfrog closely misses you.
The vampire mosquito bites you but does no damage.
You block the vampire mosquito's attack.
The vampire mosquito closely misses you.
You climb upwards.
There is a stone staircase leading down here.
Enter note:
Enter note:
Enter note:
Enter note:
Enter note:
Enter note:
Enter note:
Enter note:
Enter note:
7129 ||| READING 8 scrolls of teleportation.
As you read the scroll of teleportation, it crumbles to dust.
You feel strangely unstable.
You block the vampire mosquito's attack.
The bullfrog hits you.
The vampire mosquito bites you but does no damage.
The vampire mosquito bites you.
You die...

###### ##### #....# ##~~~###...)#
##### ##
##########~...~##....#####.... .#
#.....%.'....>..#............. .#
#.#####.'...oyo.#....###....## .#
#.# #...'...F@y:#....# #.#####
.###.# #.####~.ooy##....# #.# #
.....###.## ##~~~###....###.#####
######....# ########....#........
#........# #.......#####.#.#####
##........########..### #.#.#####
.#.......<)...####....# #.#......
..................%.%.###.#######
..8..}..\..}..\..}..8...#.....#


You could see 3 vampire mosquitoes, a bullfrog, an orc priest and 3 orcs.

Vanquished Creatures
  A wyvern (D:7)
  A steam dragon (D:8)
  A vampire mosquito (D:9)
  3 ice beasts
  3 orc warriors
  2 sky beasts
  A black bear (D:5)
  2 ogres
  A centaur (D:5)
  A phantom (D:4)
  2 kobold brigands
  4 bullfrogs
  A scorpion (D:5)
  9 killer bees
  A howler monkey (D:5)
  An electric eel (D:8)
  4 centaur zombies (Ossuary)
  9 hounds
  3 jellies
  2 orc priests (D:7)
  A gnoll bouda (D:7)
  4 iguanas
  A sleepcap (D:8)
  Natasha (thrice) (D:4)
  5 orc wizards
  5 mummies (Ossuary)
  3 gnolls (D:7)
  5 adders
  A shadow imp (D:8)
  3 white imps
  An ufetubus (D:6)
  2 worms
  5 dart slugs
  19 orcs
  7 ball pythons
  8 endoplasms
  4 giant cockroaches
  5 goblins
  6 hobgoblins
  4 jackals (D:2)
  13 kobolds
  2 quokkas
  10 bats
  2 frilled lizards
  2 hobgoblin zombies (Ossuary)
  5 rats
178 creatures vanquished.

Notes
Turn   | Place    | Note
-------+----------+-------------------------------------------
     0 | D:1      | qw the Deep Elf Hunter began the quest for the Orb.
     0 | D:1      | Reached XP level 1. HP: 12/12 MP: 3/3
     0 | D:1      | 0 ||| qw: Version: 0.3-a-9-g12657ce
     0 | D:1      | 0 ||| qw: Game counter: 2635
     0 | D:1      | 0 ||| qw: Always use a shield: true
     0 | D:1      | 0 ||| qw: God list: Okawaru
     0 | D:1      | 0 ||| qw: Allow faded altars: false
     0 | D:1      | 0 ||| qw: Do Orc after D:15 true
     0 | D:1      | 0 ||| qw: Do second Lair branch before Depths: true
     0 | D:1      | 0 ||| qw: Lair rune preference: random
     0 | D:1      | 0 ||| qw: Plans: Normal
     0 | D:1      | 0 ||| PLANNING D:1-11
   120 | D:1      | Reached XP level 2. HP: 16/16 MP: 4/4
   132 | D:1      | Reached skill level 6 in Ranged Weapons
   221 | D:1      | Found a faded altar of an unknown god.
   492 | D:1      | 492 ||| UPGRADING to +0 pair of boots.
   497 | D:1      | 497 ||| READING 2 scrolls labelled FOSUOMAVUR.
   501 | D:1      | 501 ||| READING scroll labelled FUORAA AXZOG.
   502 | D:1      | 502 ||| READING scroll labelled XAFOOS RUDD.
   531 | D:1      | 531 ||| READING scroll labelled ISUVVU JETUOWI.
   531 | D:1      | Identified a scroll of acquirement
   531 | D:1      | 531 ||| ACQUIRING +6 arbalest of Gubbig {freeze, Fragile
                  | rPois Str+6}
   531 | D:1      | Acquired the +6 arbalest of Gubbig {freeze, Fragile rPois
                  | Str+6}
   533 | D:1      | 533 ||| READING scroll labelled ZEMORPHITETOO.
   534 | D:1      | 534 ||| DRINKING 2 fuming ruby potions.
   535 | D:1      | 535 ||| DROPPING scroll of butterflies.
   536 | D:1      | 536 ||| DROPPING potion of degeneration.
   586 | D:2      | Reached XP level 3. HP: 20/20 MP: 5/5
   712 | D:2      | Reached skill level 7 in Ranged Weapons
   769 | D:2      | 769 ||| FLEEEEING.
   773 | D:2      | 773 ||| FLEEEEING.
   774 | D:2      | 774 ||| FLEEEEING.
   775 | D:2      | 775 ||| FLEEEEING.
   776 | D:2      | 776 ||| FLEEEEING.
   777 | D:2      | 777 ||| FLEEEEING.
   953 | D:2      | 953 ||| UPGRADING to +0 ring mail.
   963 | D:2      | 963 ||| DROPPING +0 leather armour.
   964 | D:2      | 964 ||| UPGRADING to ring of poison resistance.
   965 | D:2      | 965 ||| UPGRADING to +4 ring of protection.
   966 | D:2      | 966 ||| DRINKING 2 cyan potions.
   967 | D:2      | 967 ||| DROPPING potion of brilliance.
  1043 | D:3      | Reached XP level 4. HP: 20/25 MP: 6/6
  1107 | D:3      | Identified the +6 trident of Lyza {flame, rN+}
  1133 | D:3      | Found Gadikh's Antique Weapon Shoppe.
  1150 | D:3      | 1150 ||| BUYING orcbow (66 gold).
  1150 | D:3      | Bought an orcbow for 66 gold pieces
  1150 | D:3      | 1150 ||| SWAPPING to +0 orcbow.
  1151 | D:3      | 1151 ||| DROPPING +0 shortbow.
  1174 | D:3      | Found a runed translucent door.
  1180 | D:3      | Noticed qw's ghost (weakling GrFi)
  1322 | D:3      | Found a runed translucent door.
  1539 | D:3      | Reached skill level 8 in Ranged Weapons
  1613 | D:3      | Identified the +5 hand axe "Jauhifyu" {heavy, +Blink rElec
                  | rC- Dex+3}
  1971 | D:3      | 1971 ||| UPGRADING to +2 pair of boots.
  1981 | D:3      | 1981 ||| DROPPING +0 pair of boots.
  1982 | D:3      | 1982 ||| UPGRADING to amulet of reflection.
  1987 | D:3      | 1987 ||| READING 2 scrolls labelled QYPLIEPU HEGU.
  1988 | D:3      | 1988 ||| READING 3 scrolls labelled UTIWUU QUIL.
  1989 | D:3      | 1989 ||| READING scroll labelled WYOMUTHR MEDERO.
  1990 | D:3      | 1990 ||| DRINKING 2 grey potions.
  1991 | D:3      | 1991 ||| DRINKING 2 clear potions.
  1992 | D:3      | 1992 ||| DROPPING 2 scrolls of amnesia.
  1993 | D:3      | 1993 ||| DROPPING scroll of vulnerability.
  2010 | D:4      | 2010 ||| PLANNING OSSUARY
  2051 | D:4      | Found a staircase to the Ecumenical Temple.
  2066 | D:4      | Reached XP level 5. HP: 29/29 MP: 7/7
  2094 | D:4      | 2094 ||| FLEEEEING.
  2108 | D:4      | 2108 ||| FLEEEEING.
  2124 | D:4      | Noticed Natasha
  2128 | D:4      | Killed Natasha
  2216 | D:4      | Found a sand-covered staircase.
  2217 | D:4      | 2217 ||| READING scroll labelled GIHULU WOCRAMU.
  2222 | D:4      | Noticed a phantom
  2232 | D:4      | Killed a phantom
  2233 | D:4      | Reached skill level 9 in Ranged Weapons
  2240 | Ossuary  | Entered an ossuary
  2257 | Ossuary  | Reached XP level 6. HP: 20/35 MP: 8/8
  2328 | Ossuary  | 2328 ||| FLEEEEING.
  2340 | Ossuary  | Reached skill level 10 in Ranged Weapons
  2344 | Ossuary  | Reached skill level 3 in Dodging
  2499 | Ossuary  | 2499 ||| READING 2 scrolls labelled QOMOENU UJOFE.
  2500 | Ossuary  | 2500 ||| DRINKING 2 fizzy blue potions.
  2501 | Ossuary  | 2501 ||| DRINKING 2 fuming sapphire potions.
  2502 | Ossuary  | 2502 ||| DRINKING 2 sapphire potions.
  2503 | Ossuary  | 2503 ||| DROPPING potion of invisibility.
  2504 | Ossuary  | 2504 ||| DROPPING scroll of fog.
  2513 | D:4      | 2513 ||| PLANNING TEMPLE
  2603 | Temple   | Entered the Ecumenical Temple
  2607 | Temple   | 2607 ||| PLANNING D:1-11
  2758 | D:4      | Reached skill level 1 in Armour
  3189 | D:4      | Noticed Natasha
  3195 | D:4      | Killed Natasha
  3216 | D:4      | Noticed Natasha
  3219 | D:4      | Killed Natasha
  3220 | D:4      | Reached XP level 7. HP: 40/40 MP: 9/9
  3234 | D:4      | 3234 ||| UPGRADING to +0 pair of gloves.
  3239 | D:4      | 3239 ||| READING scroll labelled GUCLUL CUHIHU.
  3240 | D:4      | 3240 ||| DRINKING 2 smoky amethyst potions.
  3265 | D:4      | 3265 ||| DRINKING 2 green potions.
  3265 | D:4      | Gained mutation: You have hidden genetic potential. [potion
                  | of mutation]
  3265 | D:4      | Gained mutation: You are agile. (Dex +4, Str/Int -1)
                  | [potion of mutation]
  3266 | D:4      | 3266 ||| DROPPING potion of lignification.
  3317 | D:5      | Entered Level 5 of the Dungeon
  3348 | D:5      | Found Ciyruela's Armour Emporium.
  3354 | D:5      | 3354 ||| BUYING +0 cloak (63 gold).
  3354 | D:5      | Bought a +0 cloak for 63 gold pieces
  3388 | D:5      | Reached skill level 11 in Ranged Weapons
  3455 | D:5      | Found a stormy altar of Qazlal.
  3455 | D:5      | Found an iron altar of Okawaru.
  3456 | D:5      | 3456 ||| PLANNING OKAWARU WORSHIP
  3456 | D:5      | 3456 ||| UPGRADING to +0 cloak.
  3461 | D:5      | 3461 ||| READING scroll labelled PEDWECKOETA.
  3466 | D:5      | Became a worshipper of Warmaster Okawaru
  3467 | D:5      | 3467 ||| PLANNING D:1-11
  3663 | D:5      | Reached * piety under Okawaru
  3664 | D:5      | Reached skill level 12 in Ranged Weapons
  3664 | D:5      | Reached XP level 8. HP: 44/44 MP: 10/10
  3749 | D:5      | Gained mutation: You passively map a small area around you.
                  | [hidden potential]
  3854 | D:5      | Identified the +7 flail of Dullness {spect, rF+ Will+
                  | Dex+2}
  3988 | D:5      | 3988 ||| INVOKING Heroism.
  3989 | D:5      | 3989 ||| INVOKING Heroism.
  3994 | D:5      | Reached skill level 1 in Invocations
  4131 | D:5      | 4131 ||| READING scroll of brand weapon.
  4131 | D:5      | 4131 ||| BRANDING +0 orcbow of flaming.
  4218 | D:5      | 4218 ||| Stepping randomly (stuck).
  4237 | D:6      | Reached skill level 3 in Fighting
  4289 | D:6      | 4289 ||| INVOKING Heroism.
  4466 | D:6      | Reached skill level 3 in Invocations
  4548 | D:6      | 4548 ||| INVOKING Heroism.
  4896 | D:7      | 4896 ||| Stepping ~*~*~tactically~*~*~ (outnumbered).
  4899 | D:7      | 4899 ||| Stepping ~*~*~tactically~*~*~ (outnumbered).
  4957 | D:7      | Reached skill level 13 in Ranged Weapons
  4962 | D:7      | Reached ** piety under Okawaru
  4968 | D:7      | 4968 ||| INVOKING Heroism.
  4978 | D:7      | HP: 11/46 [poisoned by a killer bee]
  5203 | D:7      | 5203 ||| INVOKING Heroism.
  5205 | D:7      | Reached XP level 9. HP: 50/50 MP: 11/14
  5454 | D:7      | 5454 ||| INVOKING Heroism.
  5455 | D:7      | 5455 ||| Stepping ~*~*~tactically~*~*~ (outnumbered).
  5465 | D:7      | 5465 ||| DRINKING 4 potions of curing.
  5465 | D:7      | 5465 ||| (to cure confusion)
  5467 | D:7      | Reached skill level 14 in Ranged Weapons
  5517 | D:7      | 5517 ||| INVOKING Heroism.
  5850 | D:7      | Found a hazy altar of Hepliaklqana.
  6305 | D:8      | Found Xuac's Book Emporium.
  6309 | D:8      | 6309 ||| INVOKING Heroism.
  6316 | D:8      | Reached skill level 15 in Ranged Weapons
  6341 | D:8      | Found Bazxojo's Jewellery Boutique.
  6344 | D:8      | 6344 ||| INVOKING Heroism.
  6358 | D:8      | Found Kuutust Mekh's Antique Weapon Shoppe.
  6361 | D:8      | Found Maimehef's Weapon Shop.
  6373 | D:8      | 6373 ||| INVOKING Heroism.
  6375 | D:8      | Reached skill level 6 in Dodging
  6377 | D:8      | HP: 12/50 [poisoned by a killer bee]
  6378 | D:8      | 6378 ||| READING 8 scrolls of teleportation.
  6379 | D:8      | 6379 ||| DRINKING potion of heal wounds.
  6530 | D:8      | Found Reneniso's General Store.
  6532 | D:8      | Found Anett's Specific Store.
  6538 | D:8      | 6538 ||| BUYING +0 scale mail of cold resistance (132
                  | gold).
  6538 | D:8      | Bought a +0 scale mail of cold resistance for 132 gold
                  | pieces
  6538 | D:8      | 6538 ||| SHOPLISTING ring of protection from cold (300
                  | gold, have 124).
  6542 | D:8      | 6542 ||| BUYING scroll of identify (30 gold).
  6542 | D:8      | Bought a scroll of identify for 30 gold pieces
  6561 | D:8      | 6561 ||| Stepping ~*~*~tactically~*~*~ (outnumbered).
  6836 | D:8      | 6836 ||| SHOPLISTING +6 ring of strength (504 gold, have
                  | 117).
  6836 | D:8      | 6836 ||| SHOPLISTING ring of positive energy (280 gold,
                  | have 117).
  6836 | D:8      | 6836 ||| SHOPLISTING ring of protection from fire (350
                  | gold, have 117).
  6837 | D:8      | Found Iromeo's Antique Armour Emporium.
  6860 | D:8      | 6860 ||| BUYING glowing robe (107 gold).
  6860 | D:8      | Bought a glowing robe for 107 gold pieces
  6860 | D:8      | 6860 ||| SHOPLISTING pair of crude gloves (275 gold, have
                  | 21).
  7082 | D:8      | 7082 ||| UPGRADING to +0 scale mail of cold resistance.
  7092 | D:8      | 7092 ||| DROPPING +0 robe of cold resistance.
  7093 | D:8      | 7093 ||| READING 3 scrolls of identify.
  7093 | D:8      | 7093 ||| IDENTIFYING smoky yellow potion
  7094 | D:8      | 7094 ||| READING 2 scrolls of identify.
  7094 | D:8      | 7094 ||| IDENTIFYING fuming emerald potion
  7095 | D:8      | 7095 ||| DROPPING potion of attraction.
  7117 | D:9      | 7117 ||| INVOKING Heroism.
  7127 | D:9      | 7127 ||| STAIRDANCE
  7127 | D:9      | HP: 9/52 [orc priest/nerve-wracking pain (11)]
  7129 | D:8      | 7129 ||| READING 8 scrolls of teleportation.
  7129 | D:8      | Slain by a vampire mosquito

Levels and vault maps discovered:
D:1:      amcnicky_arrival_flooded_fountain, layout_rooms,
          dreamdust_ecumenical_altar_grove, minmay_stone_trees_medium
D:2:      layout_rooms, minmay_small_reverse_x
D:3:      layout_basic, serial_shops, shop, ebering_ghost_sewer_f, st_stairs_11,
          minmay_randomly_rotated_circles
D:4:      layout_loops_corners, minmay_temple_entry_trees,
          nicolae_ossuary_entry_monument, uniq_natasha
D:5:      minmay_general_purpose_star, layout_loops_cross,
          gammafunk_temple_overflow_statue, serial_shops, shop
D:6:      layout_basic
D:7:      layout_layer_cave, worldfamousw_hep_ancestral_shrine,
          amcnicky_mini_corridor_feature, uniq_crazy_yiuf_cottage
D:8:      layout_basic, grunt_ministairs_13, nicolae_shop_national_dungeon_mall,
          nicolae_specific_store, kennysheep_windowed_goal
D:9:      layout_rooms, mainiacjoe_overflow_swirl, serial_shops, shop
Temple:   sentei_temple_godly_chess

Skill      XL: |  1  2  3  4  5  6  7  8  9 |
---------------+----------------------------+-----
Ranged Weapons | 6 7 8 9 10 12 13 15 | 15.6
Fighting       | 2 3 4 |  4.0
Dodging        | 3 4 5 6 |  6.1
Armour         | 1 2 |  2.1
Invocations    | 4 |  4.0
Stealth        | |  1.2

Action                     |  1- 3 |  4- 6 |  7- 9 || total
---------------------------+-------+-------+-------++-------
   Fire: Shortbow          |   133 |     6 |       ||   139
         Orcbow            |       |   152 |   234 ||   386
 Invoke: Heroism           |       |       |    11 ||    11
    Use: Scroll            |     5 |     5 |     7 ||    17
         Potion            |     2 |     5 |     4 ||    11
 Armour: Leather armour    |    12 |       |       ||    12
         Ring mail         |    11 |    58 |    71 ||   140
         Scale mail        |       |       |    37 ||    37
  Dodge: Dodged            |    44 |    66 |   199 ||   309
  Block: Other             |       |    14 |    67 ||    81
         Reflection        |       |       |     1 ||     1

Table legend:
 A = Non-vault XP
 B = Vault XP
 C = Vault XP percentage of total XP
 D = Non-vault monster count
 E = Vault monster count
 F = Vault count percentage of total count
                 A         B        C        D         E       F
            +---------+---------+-------+---------+---------+-------
      Total |    4554 |     655 |  12.6 |     144 |      34 |  19.1
            +---------+---------+-------+---------+---------+-------
        D:1 |      30 |       0 |   0.0 |      17 |       0 |   0.0
        D:2 |      43 |       7 |  14.0 |      23 |       4 |  14.8
        D:3 |      47 |      40 |  46.0 |      11 |       9 |  45.0
        D:4 |     272 |      36 |  11.7 |      11 |       1 |   8.3
        D:5 |     717 |     183 |  20.3 |      11 |       4 |  26.7
        D:6 |     526 |       0 |   0.0 |      10 |       0 |   0.0
        D:7 |    1622 |       0 |   0.0 |      38 |       0 |   0.0
        D:8 |    1123 |     116 |   9.4 |      22 |       5 |  18.5
        D:9 |     174 |       0 |   0.0 |       1 |       0 |   0.0
    Ossuary |       0 |     273 | 100.0 |       0 |      11 | 100.0
            +---------+---------+-------+---------+---------+-------
